 Dungeon Crawl Stone Soup version 0.22-a0-322-g60b3cfd (webtiles) character file.

66 4thArraOfDagon the Cutter (level 3, -2/24 HPs)
             Began as a Mummy Enchanter on Apr 2, 2018.
             Slain by sexinstructor's ghost (7 damage)
             ... on level 3 of the Dungeon.
             The game lasted 00:04:19 (1588 turns).

4thArraOfDagon the Cutter (Mummy Enchanter)         Turns: 1588, Time: 00:04:19

Health: -2/24      AC:  2    Str: 11    XL:     3   Next: 96%
Magic:  2/7        EV: 12    Int: 15    God:
Gold:   126        SH:  0    Dex: 12    Spells: 1/7 levels left

rFire    x . .     SeeInvis .   a - +1 dagger
rCold    + . .     Gourm    .   (no shield)
rNeg     + + +     Faith    .   b - +0 robe
rPois    ∞         Spirit   .   (no helmet)
rElec    .         Reflect  .   (no cloak)
rCorr    .         Harm     .   (no gloves)
MR       .....                  (no boots)
Stlth    ++........             (no amulet)
HPRegen  0.08/turn              (no ring)
MPRegen  0.10/turn              (no ring)

@: no status effects
A: no food or potions, fire vulnerability, cold resistance 1, negative energy
resistance 3, torment resistance, unbreathing
a: no special abilities


You were on level 3 of the Dungeon.
You were not hungry.

You visited 1 branch of the dungeon, and saw 4 of its levels.

You collected 126 gold pieces.

Inventory:

Hand Weapons
 a - a +1 dagger (weapon)
Armour
 b - a +0 robe (worn)
 i - a +0 ring mail
Wands
 f - a wand of digging (19)
Scrolls
 c - 2 scrolls of remove curse {unknown}
 d - 3 scrolls of identify {unknown}
 e - a scroll of blinking {unknown}
 g - a scroll of teleportation {unknown}
 j - a scroll of immolation {unknown}
 k - a scroll of magic mapping {unknown}


   Skills:
 * Level 3.2 Short Blades
 - Level 1.5 Dodging
 - Level 2.4 Stealth
 - Level 2.6 Spellcasting
 - Level 2.6 Hexes


You had one spell level left.
You knew the following spells:

 Your Spells              Type           Power        Failure   Level  Hunger
a - Corona                Hex            ##.....      7%          1    N/A
b - Ensorcelled Hibernat  Hex/Ice        #.....       19%         2    N/A
c - Confuse               Hex            ##......     21%         3    N/A

Dungeon Overview and Level Annotations

Branches:
Dungeon (4/15)
 Temple: D:4-7

Altars:
Nemelex Xobeh

Annotations:
D:3 sexinstructor's ghost, novice OgBe


Innate Abilities, Weirdness & Mutations

You do not eat or drink.
Your flesh is vulnerable to fire.
You are immune to poison.
Your flesh is cold resistant. (rC+)
You are immune to negative energy. (rN+++)
You are immune to unholy pain and torment.
You can survive without breathing.


Message History

The giant cockroach misses you.
Sexinstructor's ghost closely misses you.
Unknown command.
Casting: Ensorcelled Hibernation (safe; 19% risk of failure)
Confirm with . or Enter, or press ? or * to list all spells.
Aiming: Confuse (safe; 21% risk of failure)
Press: ? - help, Shift-Dir - straight line, f - sexinstructor's ghost, p - giant cockroach
Aim: sexinstructor's ghost (chance to defeat MR: 21%) Sexinstructor's ghost resists with almost no effort.
The giant cockroach bites you but does no damage.
Sexinstructor's ghost hits you!
* * * LOW HITPOINT WARNING * * *
The giant cockroach closely misses you.
Unknown command.
You can't drink.
As you read the scroll labeled COZAOQ FUNIO, it crumbles to dust.
It is a scroll of amnesia.
Okay, then.
Sexinstructor's ghost hits you!
You die...

...... ....
.... ... ..#
#.# #s# #@#
#W# #S#
########.#
###....S...#
..<......###
.##.####.###
#.. #.....#
#..
##.....#####
#.


You could see sexinstructor's ghost, an adder and a giant cockroach.

Vanquished Creatures
  An orc priest (D:2)
  A dart slug (D:1)
  A leopard gecko (D:1)
  An orc (D:2)
  A ball python (D:1)
  3 hobgoblins
  6 jackals
  2 kobolds (D:1)
  7 bats
  3 frilled lizards
  4 goblins
  A quokka skeleton (D:3)
  A rat (D:1)
32 creatures vanquished.

Notes
Turn   | Place    | Note
-------+----------+-------------------------------------------
     0 | D:1      | 4thArraOfDagon the Mummy Enchanter began the quest for the Orb.
     0 | D:1      | Reached XP level 1. HP: 13/13 MP: 4/4
    55 | D:1      | Reached skill level 1 in Short Blades
   208 | D:1      | Reached XP level 2. HP: 6/19 MP: 3/5
   424 | D:1      | Learned a level 2 spell: Ensorcelled Hibernation
   479 | D:1      | Reached skill level 2 in Short Blades
   692 | D:2      | Found a sparkling altar of Nemelex Xobeh.
   801 | D:2      | Reached XP level 3. HP: 17/24 MP: 2/7
   883 | D:2      | Reached skill level 3 in Short Blades
   929 | D:2      | Learned a level 3 spell: Confuse
  1119 | D:3      | Noticed sexinstructor's ghost (novice OgBe)
  1588 | D:3      | Slain by sexinstructor's ghost

Vault maps used:
D:1:      onia_arrival_pyramid, minivault_27, minivault_4
D:2:      nemelex_xobeh_ov_fountains_minmay, kennysheep_vampire_church
D:3:      first_ration, uniq_ijyb
D:4:      minmay_wonky_spiral, gammafunk_temple_overflow_statue,
          uniq_crazy_yiuf_cottage, uniq_edmund, uniq_grinder

Skill      XL: |  1  2  3 |
---------------+----------+-----
Short Blades   | 1 2 3 |  3.2
Dodging        | |  1.5
Stealth        | |  2.4
Spellcasting   | |  2.6
Hexes          | |  2.6

Action                   || total
-------------------------++-------
Melee: Dagger            ||    75
 Cast: Corona            ||    16
       Ensorcelled Hiber ||    14
       Confuse           ||     2
  Use: Scroll            ||     1
 Stab: Sleeping          ||    13
Armor: Robe              ||    17
Dodge: Dodged            ||    51

Table legend:
 A = Spawn XP
 B = Non-spawn XP
 C = Spawn XP percentage of total XP
 D = Spawn monster count
 E = Non-spawn monster count
 F = Spawn count percentage of total count
 G = Total turns spent on level
                    A         B        C        D         E        F      G
               +---------+---------+-------+---------+---------+-------+---------
         Total |       0 |      95 |   0.0 |       0 |      32 |   0.0 |  1588
               +---------+---------+-------+---------+---------+-------+---------
           D:1 |       0 |      26 |   0.0 |       0 |      15 |   0.0 |   692
           D:2 |       0 |      51 |   0.0 |       0 |       7 |   0.0 |   277
           D:3 |       0 |      14 |   0.0 |       0 |       8 |   0.0 |   581
           D:4 |       0 |       4 |   0.0 |       0 |       2 |   0.0 |    38
               +---------+---------+-------+---------+---------+-------+---------
